 Dungeon Crawl Stone Soup version 0.30.0-20-g3615ddf2f0 (webtiles) character file.

Game seed: 110032522327741078

86 qw the Chopper (level 4, -1/28 HPs)
             Began as a Gargoyle Fighter on May 29, 2023.
             Slain by an orc wizard
             ... wielding a +0 dagger
              (2 damage)
             ... on level 3 of the Dungeon.
             The game lasted 00:00:54 (1701 turns).

qw the Chopper (Gargoyle Fighter)                   Turns: 1701, Time: 00:00:54

Health: -1/28      AC: 15    Str: 28    XL:     4   Next: 49%
Magic:  4/4        EV:  8    Int:  8    God:
Gold:   155        SH:  4    Dex: 11    Spells: 3/3 levels left

rFire   + . .        Y - +1 war axe
rCold   . . .        c - +0 buckler
rNeg    + . .        l - +0 chain mail
rPois   inf          (no helmet)
rElec   +            f - +0 cloak
rCorr   .            (no gloves)
SInv    .            n - +0 pair of boots
Will    .....        (no amulet) Stlth
                     e - +6 ring of strength
HPRegen 0.24/turn    b - ring "Vaoheete" {rPois rF+ Dex+2 Stlth+}
MPRegen 0.09/turn

%: no passive effects
@: no status effects
A: sickness immunity, AC +3, negative energy resistance 1, electricity
resistance, torment resistance 1, petrification resistance
a: no special abilities


You were on level 3 of the Dungeon.
You visited 1 branch of the dungeon, and saw 3 of its levels.

You collected 155 gold pieces.


Innate Abilities, Weirdness & Mutations

You are immune to sickness and miasma.
Your stone body is resilient. (AC +3)
You are immune to poison.
You resist negative energy. (rN+)
You are resistant to electric shocks. (rElec)
You are resistant to unholy torment.
You are immune to petrification.


   Skills:
 - Level 3.2 Fighting
 + Level 4.2 Axes
 - Level 3.2 Armour
 - Level 3.2 Shields


You had 3 spell levels left.
You didn't know any spells.
Your spell library was empty.

Inventory:

Hand Weapons
 j - a +1 hand axe of flaming
 Y - a +1 war axe (weapon)
Armour
 c - a +0 buckler (worn)
 f - a +0 cloak (worn)
 l - a +0 chain mail (worn)
 n - a +0 pair of boots (worn)
Jewellery
 b - the ring "Vaoheete" (right hand) {rPois rF+ Dex+2 Stlth+}
   (You acquired it on level 2 of the Dungeon)

   [ring of protection from fire]

   Dex:       It affects your dexterity (+2).
   rF:        It protects you from fire.
   rPois:     It protects you from poison.
   Stlth:     It makes you more stealthy.
 e - a +6 ring of strength (left hand)
Potions
 a - a potion of curing {unknown}
 d - a potion of might

Dungeon Overview and Level Annotations

Branches:
Dungeon (3/15)

Altars:


Message History

The orc wizard gestures at you while chanting.
You are confused.
The orc wizard barely misses you.
The orc wizard gestures at you while chanting.
The puff of flame hits you but does no damage.
The orc closely misses you.
The orc wizard hits you but does no damage.
You feel less confused. The orc hits you but does no damage.
The orc hits you from afar with a +0 trident.
The orc wizard points at you and mumbles some strange words.
You are confused.
The orc hits you but does no damage.
The orc hits you from afar with a +0 trident.
The orc wizard hits you but does no damage.
The orc hits you but does no damage.
The orc wizard mumbles some strange words.
The orc wizard flickers and vanishes!
Deactivating autopickup; reactivate with Ctrl-A.
The orc closely misses you. The orc barely misses you.
Something hits you but does no damage. The orc closely misses you.
The orc hits you from afar with a +0 trident.
Something hits you but does no damage. The orc hits you but does no damage.
The orc hits you but does no damage. x2; Something hits you but does no damage.
The orc hits you with a +0 hand axe.
The orc hits you from afar with a +0 trident.
Something hits you but does no damage.
You feel less confused. You block the orc's attack.
Something hits you but does no damage. The orc hits you with a +0 hand axe.
You hit the orc but do no damage. You miss something.
The orc hits you with a +0 hand axe.
The orc hits you from afar with a +0 trident.
Something hits you but does no damage.
You slash the orc!
You kill the orc!
You hit something but do no damage. Something hits you.
You die...

#.. #.# .# # #.#
.# .## #.#
#.##... #.#
....... #.#
..... . #<# o..
...
#.########)#...#
#........@{..#
##########..##
#.... #.### #.#
##


You could see an orc.

Vanquished Creatures
  Terence (D:2)
  An adder (D:2)
  A worm (D:2)
  3 dart slugs
  An orc (D:3)
  2 bats
  7 endoplasms
  A giant cockroach (D:2)
  2 goblins
  5 hobgoblins
  4 kobolds (D:1)
  2 quokkas (D:1)
  3 ball pythons
  5 frilled lizards
  2 rats
40 creatures vanquished.

Notes
Turn   | Place    | Note
-------+----------+-------------------------------------------
     0 | D:1      | qw the Gargoyle Fighter began the quest for the Orb.
     0 | D:1      | Reached XP level 1. HP: 14/14 MP: 1/1
     0 | D:1      | 0 ||| qw: Version: 0.2-a-101-gf424e7f
     0 | D:1      | 0 ||| qw: Game counter: 288
     0 | D:1      | 0 ||| qw: Always use a shield: true
     0 | D:1      | 0 ||| qw: God list: Okawaru
     0 | D:1      | 0 ||| qw: Allow faded altars: false
     0 | D:1      | 0 ||| qw: Do Orc after D:15 true
     0 | D:1      | 0 ||| qw: Do second Lair branch before Depths: true
     0 | D:1      | 0 ||| qw: Lair rune preference: random
     0 | D:1      | 0 ||| qw: Plans: Normal, Zot:1-4, Slime:5, God:TSO, Crypt,
                  | Tomb, Pan, Hells, Abyss, Win
     0 | D:1      | 0 ||| PLANNING D:1-11
   143 | D:1      | Reached skill level 2 in Axes
   179 | D:1      | 179 ||| Stepping ~*~*~tactically~*~*~ (hiding).
   188 | D:1      | Reached XP level 2. HP: 16/19 MP: 2/2
   232 | D:1      | 232 ||| Stepping ~*~*~tactically~*~*~ (stealth).
   243 | D:1      | HP: 4/19 [ball python (3)]
   246 | D:1      | Reached skill level 3 in Axes
   428 | D:1      | Reached XP level 3. HP: 23/23 MP: 3/3
   661 | D:1      | 661 ||| UPGRADING to +0 cloak.
   666 | D:1      | 666 ||| UPGRADING to +6 ring of strength.
   667 | D:1      | 667 ||| READING scroll labelled HICIMA UXTA.
   668 | D:1      | 668 ||| READING scroll labelled JIROUMU FEIKKA.
   669 | D:1      | 669 ||| READING scroll labelled WUWUDU PASTRO.
   684 | D:1      | 684 ||| READING scroll labelled MICARU KUIGHAX.
   733 | D:2      | 733 ||| Stepping ~*~*~tactically~*~*~ (hiding).
   979 | D:2      | 979 ||| DROPPING +0 whip.
  1125 | D:2      | Reached XP level 4. HP: 28/28 MP: 4/4
  1164 | D:2      | Noticed Terence
  1165 | D:2      | 1165 ||| Stepping ~*~*~tactically~*~*~ (hiding).
  1167 | D:2      | 1167 ||| Stepping ~*~*~tactically~*~*~ (hiding).
  1195 | D:2      | HP: 6/28 [Terence/+0 falchion (4)]
  1196 | D:2      | Killed Terence
  1197 | D:2      | Reached skill level 4 in Axes
  1613 | D:2      | 1613 ||| UPGRADING to +0 chain mail.
  1623 | D:2      | 1623 ||| DROPPING +0 scale mail.
  1624 | D:2      | 1624 ||| UPGRADING to +0 pair of boots.
  1629 | D:2      | 1629 ||| READING scroll labelled IPENUC RESYEZ.
  1630 | D:2      | 1630 ||| READING scroll labelled ECVIOB SIXTARR.
  1631 | D:2      | 1631 ||| READING scroll labelled XAES HIGHOPP.
  1631 | D:2      | Identified a scroll of acquirement
  1631 | D:2      | 1631 ||| ACQUIRING ring "Vaoheete" {rPois rF+ Dex+2 Stlth+}
  1631 | D:2      | Acquired the ring "Vaoheete" {rPois rF+ Dex+2 Stlth+}
  1633 | D:2      | 1633 ||| UPGRADING to ring "Vaoheete" {rPois rF+ Dex+2
                  | Stlth+}.
  1634 | D:2      | 1634 ||| READING scroll labelled TIORIG CUZAMU.
  1635 | D:2      | 1635 ||| READING scroll labelled QUWOSK SIDICZE.
  1677 | D:3      | 1677 ||| Stepping ~*~*~tactically~*~*~ (hiding).
  1700 | D:3      | HP: 4/28 [orc/+0 hand axe (4)]
  1700 | D:3      | HP: 1/28 [orc/+0 trident (3)]
  1701 | D:3      | Slain by an orc wizard

Levels and vault maps discovered:
D:1:      dpeg_arrival_pits, layout_rooms, minmay_pentomino_z4
D:2:      layout_basic, minmay_misc_feat_four_crosses, uniq_terence
D:3:      layout_loops_ring, nicolae_shop_unique_rings, minmay_unequal

Skill      XL: |  1  2  3  4 |
---------------+-------------+-----
Axes           | 2 3 4 |  4.2
Fighting       | |  3.2
Armour         | |  3.2
Shields        | |  3.2

Action                     |  1- 3 |  4- 6 || total
---------------------------+-------+-------++-------
  Melee: War axe           |    98 |    24 ||   122
         Unarmed           |       |    15 ||    15
    Use: Scroll            |     4 |     5 ||     9
 Armour: Scale mail        |    44 |     9 ||    53
         Chain mail        |       |    18 ||    18
  Dodge: Dodged            |    42 |    22 ||    64
  Block: Buckler           |    26 |     3 ||    29

Table legend:
 A = Non-vault XP
 B = Vault XP
 C = Vault XP percentage of total XP
 D = Non-vault monster count
 E = Vault monster count
 F = Vault count percentage of total count
                 A         B        C        D         E       F
            +---------+---------+-------+---------+---------+-------
      Total |      84 |      42 |  33.3 |      35 |       5 |  12.5
            +---------+---------+-------+---------+---------+-------
        D:1 |      41 |       6 |  12.8 |      20 |       4 |  16.7
        D:2 |      40 |      36 |  47.4 |      14 |       1 |   6.7
        D:3 |       3 |       0 |   0.0 |       1 |       0 |   0.0
            +---------+---------+-------+---------+---------+-------
